 Dungeon Crawl Stone Soup version 0.23.0 (webtiles) character file.

Game seed: 13016997978401058782

517 Monsterracer the Ruffian (level 7, 0/71 HPs)
             Began as an Ogre Transmuter on Feb 9, 2019.
             Was a Follower of Qazlal.
             Slain by a hound (5 damage)
             ... on level 5 of the Dungeon.
             The game lasted 00:06:13 (5983 turns).

Monsterracer the Ruffian (Ogre Transmuter)          Turns: 5983, Time: 00:06:14

Health: 0/71       AC:  3    Str: 15    XL:     7   Next: 20%
Magic:  4/10       EV: 10    Int: 16    God:    Qazlal [*.....]
Gold:   222        SH:  2    Dex:  9    Spells: 1/10 levels left

rFire    . . .     SeeInvis .     - Unarmed
rCold    . . .     Gourm    .   (no shield)
rNeg     . . .     Faith    .   b - +0 robe
rPois    .         Spirit   .   (helmet restricted)
rElec    .         Reflect  .   (no cloak)
rCorr    .         Harm     .   (gloves unavailable)
MR       .....                  (boots unavailable)
Stlth    +.........             (no amulet)
HPRegen  0.21/turn              (no ring)
MPRegen  0.12/turn              (no ring)

@: no status effects
A: large, unfitting armour, tough skin 1
a: Renounce Religion


You were on level 5 of the Dungeon.
You worshipped Qazlal.
Qazlal was aware of your devotion.
You were not hungry.

You visited 1 branch of the dungeon, and saw 5 of its levels.

You collected 222 gold pieces.

Inventory:

Missiles
 a - 27 arrows
Armour
 b - a +0 robe (worn)
Jewellery
 n - an uncursed ring of fire
Scrolls
 r - 3 scrolls of remove curse
 t - 3 scrolls of teleportation {!r}
Potions
 d - 3 potions of mutation {!q}
 g - a potion of haste
 k - a potion of magic
 m - a potion of agility
 o - a potion of might {unknown}
 q - a potion of berserk rage {unknown}
 s - a potion of curing
Comestibles
 c - 9 rations


   Skills:
 + Level 4.7 Fighting
 - Level 1.7 Dodging
 * Level 5.3 Unarmed Combat
 - Level 2.4 Spellcasting
 + Level 3.6 Transmutations
 + Level 1.7 Invocations


You had one spell level left.
You knew the following spells:

 Your Spells              Type           Power        Failure   Level  Hunger
a - Ice Form              Ice/Tmut       #.......     67%         4    #####..
b - Sticks to Snakes      Tmut           ##......     7%          2    ###....
c - Spider Form           Tmut/Pois      #.........   28%         3    ###....

Your spell library contained the following spells:

 Spells                   Type           Power        Failure   Level  Hunger
 Beastly Appendage        Tmut           ##....       4%          1    #......
 Confusing Touch          Hex            #.....       21%         1    #......
 Magic Dart               Conj           #...         21%         1    #......
 Searing Ray              Conj           #.....       30%         2    ###....
 Confuse                  Hex            #.......     52%         3    ###....
 Dazzling Spray           Conj/Hex       #.....       52%         3    ###....
 Gell's Gravitas          Tloc           #.........   52%         3    ###....
 Petrify                  Tmut/Erth      #.......     67%         4    #####..
 Blade Hands              Tmut           ##........   77%         5    ######.
 Force Lance              Conj/Tloc      #.......     89%         4    #####..
 Fulminant Prism          Conj/Hex       #.........   89%         4    #####..
 Iskenderun's Mystic Bla  Conj           #.......     89%         4    #####..
 Yara's Violent Unravell  Hex/Tmut       #.........   95%         5    ######.
 Metabolic Englaciation   Hex/Ice        #.........   99%         5    ######.


Dungeon Overview and Level Annotations

Branches:
Dungeon (5/15)             Temple (0/1) D:4

Altars:
Fedhas
Gozag
Qazlal
Trog

Annotations:
D:4 1 runed translucent door, TheDeathLetter's ghost, amateur MiFi


Innate Abilities, Weirdness & Mutations

You are too large for most types of armour.
You have tough skin. (AC +1)


Message History

Pain shoots through your body!
* * * LOW HITPOINT WARNING * * *
Your adder bites Grinder.
Your adder barely misses Grinder.
You take 10 damage, and have 7/63 hp.
Your adder barely misses Grinder.
Your adder misses Grinder.
Your ball python barely misses Grinder.
Your ball python grabs Grinder.
Your ball python constricts Grinder.
Your adder bites Grinder.
Grinder is poisoned.
Your adder poisons Grinder!
There is a stone staircase leading up here.
Your adder bites Grinder but does no damage.
Your ball python bites Grinder.
Your ball python constricts Grinder.
Grinder struggles to escape constriction.
Your adder bites Grinder.
Your adder bites Grinder but does no damage.
Your ball python bites Grinder but does no damage.
Your ball python constricts Grinder.
Grinder drinks a potion.
Grinder is healed!
Grinder looks more healthy.
Your adder barely misses Grinder.
Your adder bites Grinder.
Your ball python barely misses Grinder.
Your ball python constricts Grinder.
Your adder bites Grinder.
Grinder closely misses your ball python.
Your adder barely misses Grinder.
Your ball python bites Grinder but does no damage.
Your ball python constricts Grinder.
Your adder barely misses Grinder.
Grinder says, "Wait up."
Grinder hits your ball python!
Your ball python dies!
Your adder misses Grinder.
Your adder bites Grinder.
Grinder is poisoned.
Your adder poisons Grinder!
Casting: Sticks to Snakes (safe; 8% risk of failure)
Confirm with . or Enter, or press ? or * to list all spells.
You create a snake!
You now have 27 arrows.
Your adder bites Grinder.
Grinder blinks!
You now have 2/9 mp.
What are your orders? t - Shout!
Orders for allies: a - Attack new target. r - Retreat! s - Stop attacking. g - Guard the area. f - Follow me.
Anything else - Cancel.
Gang up on whom?
Press: ? - help, Dir - move target cursor, f - Grinder
Aim: Grinder (heavily wounded, poisoned) Attack!
Your adder closely misses Grinder.
Your adder barely misses Grinder.
Your adder bites Grinder but does no damage.
Grinder closely misses your adder.
Your adder bites Grinder.
Your adder barely misses Grinder.
Grinder hits your adder!
Your adder writhes in agony.
Your adder dies!
Your ball python closely misses Grinder. x2
Your adder closely misses Grinder.
Grinder shouts!
You hear a bark!
Your ball python closely misses Grinder.
Your ball python grabs Grinder.
Your ball python constricts Grinder.
Grinder struggles to escape constriction.
Your adder bites Grinder.
Your ball python bites Grinder but does no damage.
Your ball python constricts Grinder.
Grinder misses your ball python.
Your adder barely misses Grinder.
Your ball python barely misses Grinder.
Your ball python constricts Grinder.
Your adder bites Grinder but does no damage.
Grinder barely misses your ball python.
Your ball python bites Grinder but does no damage.
Your ball python constricts Grinder.
Your adder barely misses Grinder.
A hound comes into view.
Grinder gestures at your ball python.
Your ball python writhes in agony.
Your adder barely misses Grinder.
Your ball python bites Grinder but does no damage.
Your ball python constricts Grinder.
Grinder grins, showing sharp teeth.
Grinder struggles to blink free from constriction.
Your adder bites Grinder.
Your ball python barely misses Grinder.
Your ball python constricts Grinder.
Your adder bites Grinder.
Your ball python bites Grinder but does no damage.
Your ball python constricts Grinder.
Grinder dies!
Qazlal accepts your kill.
You have reached level 7!
Your ball python looks stronger.
An arrow appears from out of your range of vision.
The arrow misses your ball python.
You regained 2 hp, and now have 12/71 hp.
Your adder withers and dies!
You closely miss the hound. The hound barely misses you. The hound bites you.
* * * LOW HITPOINT WARNING * * *
An arrow appears from out of your range of vision.
The arrow hits your ball python!
Your ball python dies!
You closely miss the hound. The hound bites you.
* * * LOW HITPOINT WARNING * * *
You miss the hound. The hound bites you but does no damage.
A centaur comes into view. It is wielding a +0 shortbow.
You take 8 damage, and have 4/71 hp.
Unknown command.
The centaur shouts!
The centaur shoots an arrow.
The arrow barely misses you. The hound bites you.
You die...

##### ##....###
........###
..........## ##
..c....(h..#.?#
#..(.....@....#
##...(........#
#............#
#.............#
##......###.....
#..##### ##....
### .### #


You could see a centaur and a hound.

Vanquished Creatures
  A bullfrog (D:4)
  A crimson imp (D:5)
  A hound (D:5)
  A centaur skeleton (D:4)
  2 orc wizards (D:3)
  A worker ant (D:2)
  9 adders
  A river rat (D:4)
  An ooze (D:4)
  3 worms
  4 dart slugs
  4 leopard geckos
  8 orcs
  3 ball pythons
  6 giant cockroaches
  8 goblins
  3 hobgoblins
  4 jackals
  4 kobolds
  A quokka (D:3)
  9 bats
  2 frilled lizards
  A leopard gecko skeleton (D:4)
  5 rats
83 creatures vanquished.

Vanquished Creatures (collateral kills)
  Grinder (D:5)
1 creature vanquished.

Grand Total: 84 creatures vanquished

Notes
Turn   | Place    | Note
-------+----------+-------------------------------------------
     0 | D:1      | Monsterracer the Ogre Transmuter began the quest for the
                  | Orb.
     0 | D:1      | Reached XP level 1. HP: 19/19 MP: 3/3
   308 | D:1      | Reached XP level 2. HP: 26/28 MP: 3/5
   318 | D:1      | Reached skill level 3 in Unarmed Combat
   408 | D:1      | Learned a level 2 spell: Sticks to Snakes
   844 | D:1      | Reached XP level 3. HP: 23/35 MP: 4/6
  1311 | D:2      | Learned a level 3 spell: Spider Form
  1423 | D:2      | Reached XP level 4. HP: 34/44 MP: 2/7
  1443 | D:2      | HP: 22/44 [poisoned by an adder]
  1450 | D:2      | HP: 21/44 [poisoned by an adder]
  1458 | D:2      | HP: 20/44 [poisoned by an adder]
  1470 | D:2      | HP: 20/44 [jackal (2)]
  1475 | D:2      | HP: 17/44 [jackal (3)]
  1703 | D:2      | Found a bloodstained altar of Trog.
  2239 | D:2      | Reached skill level 4 in Unarmed Combat
  2239 | D:2      | Reached XP level 5. HP: 30/53 MP: 8/8
  3173 | D:3      | Found an opulent altar of Gozag.
  3571 | D:3      | HP: 22/53 [orc wizard/+0 dagger (5)]
  3877 | D:3      | Found a faded altar of an unknown god.
  3903 | D:3      | Became a worshipper of Qazlal Stormbringer
  3903 | D:3      | Reached * piety under Qazlal
  4107 | D:4      | Found a runed translucent door.
  4108 | D:4      | Noticed TheDeathLetter's ghost (amateur MiFi)
  4114 | D:4      | Reached XP level 6. HP: 62/62 MP: 9/9
  4171 | D:4      | Found a runed translucent door.
  4185 | D:4      | Learned a level 4 spell: Ice Form
  4438 | D:4      | Found a staircase to the Ecumenical Temple.
  4745 | D:4      | Found a blossoming altar of Fedhas.
  5382 | D:4      | Reached skill level 5 in Unarmed Combat
  5382 | D:4      | Reached skill level 1 in Invocations
  5386 | D:4      | HP: 35/75 [TheDeathLetter's ghost (7)]
  5390 | D:4      | HP: 16/75 [TheDeathLetter's ghost (5)]
  5391 | D:4      | HP: 7/75 [TheDeathLetter's ghost (9)]
  5817 | D:5      | Entered Level 5 of the Dungeon
  5951 | D:5      | Noticed Grinder
  5960 | D:5      | HP: 27/63 [Grinder/nerve-wracking pain (14)]
  5962 | D:5      | HP: 7/63 [Grinder/nerve-wracking pain (10)]
  5978 | D:5      | Killed Grinder
  5978 | D:5      | Reached XP level 7. HP: 12/71 MP: 3/10
  5980 | D:5      | HP: 10/71 [hound (2)]
  5981 | D:5      | HP: 4/71 [hound (6)]
  5983 | D:5      | Slain by a hound

Skill      XL: |  1  2  3  4  5  6 |
---------------+-------------------+-----
Unarmed Combat | 3 4 5 |  5.3
Transmutations | 2 3 |  3.6
Fighting       | 2 3 4 |  4.7
Invocations    | 1 |  1.7
Dodging        | |  1.7
Spellcasting   | |  2.4

Action                   |  1- 3 |  4- 6 |  7- 9 || total
-------------------------+-------+-------+-------++-------
Melee: Unarmed           |   117 |   274 |     3 ||   394
       Headbutt          |     1 |       |       ||     1
       Kick              |     2 |       |       ||     2
       Punch             |     1 |     1 |       ||     2
 Cast: Beastly Appendage |     5 |       |       ||     5
       Spider Form       |     2 |     2 |       ||     4
       Sticks to Snakes  |       |     4 |       ||     4
       Ice Form          |       |     1 |       ||     1
  Use: Scroll            |     1 |    15 |       ||    16
  Eat: Chunk             |     2 |    10 |       ||    12
       Ration            |       |     2 |       ||     2
Armor: Robe              |    45 |    55 |     1 ||   101
       Skin              |       |     6 |       ||     6
Dodge: Dodged            |    64 |   135 |     2 ||   201

Levels and vault maps discovered:
D:1:      lightli_arrival_noodles, layout_basic, bh_walls_and_bars
D:2:      layout_loops_cross, bloody_trog, minmay_tromino_i2
D:3:      layout_basic, overflow_temple_1_default,
          chequers_ecumenical_altar_simple, first_ration
D:4:      layout_loops_ring, kennysheep_mini_moat,
          minmay_temple_entry_stoned_glass, ebering_ghost_sewer_f,
          serial_co_window_serial, co_window_paths_a, co_window_cross_1,
          co_window_paths_b, co_window_paths_a, co_window_paths_b,
          co_window_corner_ca, co_window_2corner, co_window_unsneaky_path_b,
          co_window_sun, co_window_paths_d, glass_columns_b, glass_columns_a,
          glass_columns_a, glass_columns_b, glass_columns_a,
          grunt_decor_resistance
D:5:      layout_cave_pods, kennysheep_mini, uniq_grinder
